 Dungeon Crawl Stone Soup version 0.30-a0-1103-g25895a7845 (webtiles) character file.

Game seed: 3249176827045201347

667 jasper the Ruffian (level 7, 0/105 HPs)
             Began as a Troll Delver on Apr 18, 2023.
             Slain by a vampire mosquito (3 damage)
             ... on level 8 of the Dungeon.
             The game lasted 00:02:00 (641 turns).

jasper the Ruffian (Troll Delver)                    Turns: 641, Time: 00:02:01

Health: 0/105      AC: 23    Str: 21    XL:     7   Next: 31%
Magic:  6/6        EV:  1    Int:  8    God:
Gold:   9          SH:  0    Dex: 11    Spells: 6/6 levels left

rFire   . . .      SeeInvis .      - Unarmed
rCold   . . .      Faith    .    (no shield)
rNeg    . . .      Spirit   .    a - melded +0 robe
rPois   +          Reflect  .    (helmet currently unavailable)
rElec   .          Rampage  .    (cloak currently unavailable)
rCorr   .          NoTele   +    (gloves unavailable)
Will    .....                    (boots unavailable)
Stlth   ++                       (no amulet)
HPRegen 1.17/turn                (no ring)
MPRegen 0.10/turn                (no ring)

@: tree-form, hasted, very quick
A: stationary, stasis, torment immunity, boosted hp, large, unfitting armour,
(claws 3), regeneration 1, (shaggy fur 1), (tough skin 1)
a: no special abilities


You were on level 8 of the Dungeon.
You were a tree.
You visited 1 branch of the dungeon, and saw 4 of its levels.
You also visited: Bailey.

You collected 9 gold pieces.

Inventory:

Armour
 a - a +0 robe (melded)
Wands
 f - a wand of digging (3)
Scrolls
 b - a scroll of fog
 c - a scroll of magic mapping


   Skills:
 + Level 4.1 Fighting
 + Level 3.6 Dodging
 - Level 2.7 Stealth
 * Level 5.9 Unarmed Combat


You had 6 spell levels left.
You didn't know any spells.
Your spell library was empty.

Dungeon Overview and Level Annotations

Branches:
Dungeon (8/15)             Bailey (visited)
 Temple: D:4-7         Lair: D:8-11

Altars:
Qazlal

Shops:
D:8 =!!


Innate Abilities, Weirdness & Mutations

You are a tree.
Your roots penetrate the ground, keeping you stationary.
You cannot be teleported.
You are immune to unholy pain and torment.
Your maximum health is greatly increased.
Your equipment is partially melded.
You are too large for most types of armour.
((You have claws for hands.))
Your natural rate of healing is unusually fast.
((You are covered in fur. (AC +1)))
((You have tough skin. (AC +1)))


Message History

The vampire mosquito closely misses you.
The vampire mosquito bites you.
* * * LOW HITPOINT WARNING * * *
The vampire mosquito draws strength from your injuries!
The orc priest invokes the aid of Beogh against you.
Beogh smites you!
* * * LOW HITPOINT WARNING * * *
You take 18 damage, and have 3/70 hp.
MASSIVE DAMAGE!!
It was a potion of lignification.
You turn into a tree.
Your +0 robe melds into your body.
Your roots penetrate the ground.
The vampire mosquito bites you but does no damage.
The vampire mosquito bites you.
* * * LOW HITPOINT WARNING * * *
The vampire mosquito draws strength from your injuries!
The orc priest looks satisfied for a moment.
You now have 1/105 hp.
You feel yourself speed up.
The vampire mosquito bites you but does no damage. x2
You closely miss the vampire mosquito. The vampire mosquito bites you.
* * * LOW HITPOINT WARNING * * *
The vampire mosquito draws strength from your injuries!
You take 1 damage, and have 1/105 hp.
You smack the orc priest!
You kill the orc priest!
The orc priest begins to cast a cantrip, but forgets the words!
The vampire mosquito bites you but does no damage.
You closely miss the vampire mosquito.
The vampire mosquito bites you but does no damage.
You closely miss the vampire mosquito.
The vampire mosquito completely misses you.
You hit the vampire mosquito.
The vampire mosquito is moderately damaged.
The vampire mosquito bites you.
* * * LOW HITPOINT WARNING * * *
The vampire mosquito draws strength from your injuries!
You take 1 damage, and have 2/105 hp.
You hit the vampire mosquito.
The vampire mosquito is moderately damaged.
The vampire mosquito bites you.
You die...

#....♣...♣.#.###
#.......###...♣..∩..♣#.#
#!...... #.....♣...♣...#
....∩.§ #.#.#..♣.♣..###
.o§...§
#.#.#...♣...##### #...§.
#.#.............. ###
#... #.####.##########
###...##)#######.####.#
#
...........†.oy♣......#
###...##.#.#..##)##.###
##. #.#.......##.# ..
#$###..##.##.# .#
#....#≈≈≈.##.# #
.....≈≈≈≈~...#
.....≈≈∩....##
.....≈≈≈~~#. #.


You could see a vampire mosquito and an orc.

Vanquished Creatures
  2 orc warriors (Bailey)
  2 centaurs
  2 bullfrogs
  A hound (D:6)
  An orc priest (D:8)
  2 orc wizards (D:7)
  5 gnolls
  8 orcs
  5 goblins
  A hobgoblin (Bailey)
29 creatures vanquished.

Vanquished Creatures (others)
  An orc wizard (D:7)
1 creature vanquished.

Grand Total: 30 creatures vanquished

Notes
Turn   | Place    | Note
-------+----------+-------------------------------------------
     0 | D:5      | jasper the Troll Delver began the quest for the Orb.
     0 | D:5      | Reached XP level 1. HP: 22/22 MP: 0/0
    24 | D:6      | Noticed a centaur
    28 | D:6      | Killed a centaur
    29 | D:6      | Reached skill level 3 in Unarmed Combat
    29 | D:6      | Reached XP level 2. HP: 28/29 MP: 1/1
    29 | D:6      | Reached XP level 3. HP: 35/36 MP: 2/2
    29 | D:6      | Reached XP level 4. HP: 43/44 MP: 3/3
    87 | D:6      | Noticed a bullfrog
    94 | D:6      | Killed a bullfrog
    95 | D:6      | Reached skill level 4 in Unarmed Combat
    95 | D:6      | Reached XP level 5. HP: 43/53 MP: 4/4
   124 | D:7      | Noticed a centaur
   135 | D:7      | Killed a centaur
   184 | D:7      | Found a flagged portal.
   188 | D:7      | Found a stormy altar of Qazlal.
   203 | D:7      | Reached XP level 6. HP: 61/61 MP: 5/5
   229 | Bailey   | Entered a bailey
   267 | Bailey   | Noticed an orc warrior
   319 | Bailey   | Killed an orc warrior
   320 | Bailey   | Reached skill level 5 in Unarmed Combat
   354 | Bailey   | Noticed an orc warrior
   354 | Bailey   | Noticed an orc warrior
   358 | Bailey   | Noticed an orc warrior
   360 | Bailey   | Killed an orc warrior
   361 | Bailey   | Reached XP level 7. HP: 36/68 MP: 6/6
   377 | Bailey   | HP: 1/68 [orc warrior/+0 hand axe (9)]
   533 | D:8      | Found Hiusiax's Distillery.
   597 | D:8      | Found Gajuler's Distillery.
   607 | D:8      | Found Opisisin's Jewellery Shoppe.
   608 | D:8      | Noticed a vampire mosquito
   609 | D:8      | Noticed a vampire mosquito
   609 | D:8      | Noticed a vampire mosquito
   633 | D:8      | HP: 3/70 [orc priest/divine providence (15)]
   634 | D:8      | HP: 1/105 [vampire mosquito (5)]
   640 | D:8      | HP: 2/105 [vampire mosquito (2)]
   641 | D:8      | Slain by a vampire mosquito

Illustrated notes

Levels and vault maps discovered:
D:5:      layout_loops_ring, hangedman_decor_push, chequers_hall_statues_wall_a,
          uniq_edmund
D:6:      layout_loops_corners, mainiacjoe_overflow_alcove_1,
          kennysheep_generic_room_10
D:7:      cheibrodos_statue_roulette, layout_loops_ring,
          nicolae_ru_awakened_eye, nicolae_qazlal_scattered_showers,
          zin_academy, lightli_bailey_entry_fortress, dk_noncrumbling_2,
          minivault_26
D:8:      layout_loops_cross, serial_shops, nicolae_shop_waterfront,
          nicolae_shop_getting_attention, nicolae_shop_waterfront,
          nicolae_diamond_shop, shop, enter_ossuary_3,
          ebering_ghost_funeral_grove, eino_tiny_chamber, fountainhead

Skill      XL: |  1  2  3  4  5  6  7 |
---------------+----------------------+-----
Dodging        | 2 3 |  3.6
Unarmed Combat | 3 4 5 |  5.9
Fighting       | 3 4 |  4.1
Stealth        | |  2.7

Action                     |  1- 3 |  4- 6 |  7- 9 || total
---------------------------+-------+-------+-------++-------
  Melee: Unarmed           |     2 |    62 |    43 ||   107
         Punch             |       |     2 |     1 ||     3
    Use: Scroll            |       |     1 |     1 ||     2
         Potion            |       |       |     2 ||     2
   Stab: Sleeping          |     1 |     1 |     1 ||     3
 Armour: Robe              |     1 |    13 |     7 ||    21
         Skin              |       |       |     5 ||     5
  Dodge: Dodged            |     2 |    23 |    21 ||    46

Table legend: (Time is in decaauts)
 A = Elapsed time spent in this place.
 B = Non-inter-level travel time spent in this place.
 C = Inter-level travel time spent in this place.
 D = Time resting spent in this place.
 E = Time spent auto-exploring this place.
 F = Levels seen in this place.
 G = Mean time per level.
                   A        B        C        D        E       F      G
               +--------+--------+--------+--------+--------+-----+--------+
         Total |    628 |    605 |     23 |     92 |    234 |   5 |  125.6 |
       Dungeon |    460 |    437 |     23 |     47 |    223 |   4 |  115.0 |
        Bailey |    167 |    167 |      0 |     45 |     11 |   1 |  167.0 |
               +--------+--------+--------+--------+--------+-----+--------+

Top non-repeatable levels by time:
     D:7: 241 daAuts
  Bailey: 167 daAuts
     D:8: 114 daAuts
     D:6: 103 daAuts
     D:5: 1 daAuts
